 Dungeon Crawl Stone Soup version 0.29-a0-555-g3b24f45cc1 (webtiles) character file.

Game seed: 6374736063360756342

216 Aapotti the Magician (level 6, -2/43 HPs)
             Began as a Human Hedge Wizard on June 8, 2022.
             Slain by an iguana (6 damage)
             ... on level 4 of the Dungeon.
             The game lasted 00:21:35 (3995 turns).

Aapotti the Magician (Human Hedge Wizard)           Turns: 3995, Time: 00:21:36

Health: -2/43      AC:  8    Str: 10    XL:     6   Next: 16%
Magic:  12/12      EV: 12    Int: 17    God:
Gold:   104        SH:  0    Dex: 12    Spells: 7/13 levels left

rFire   . . .      SeeInvis .   h - +0 whip (venom)
rCold   . . .      Faith    .   (no shield)
rNeg    . . .      Spirit   .   j - +0 leather armour
rPois   .          Reflect  .   g - +0 helmet
rElec   .          Harm     .   q - +2 cloak
rCorr   .          Rampage  .   n - +0 pair of gloves
Will    .....                   (no boots)
Stlth   ++........              (no amulet)
HPRegen 0.14/turn               (no ring)
MPRegen 0.13/turn               (no ring)

@: no status effects
A: no striking features
a: no special abilities


You were on level 4 of the Dungeon.
You visited 1 branch of the dungeon, and saw 4 of its levels.

You collected 104 gold pieces.

Inventory:

Hand Weapons
 a - a +0 dagger
 h - a +0 whip of venom (weapon)
Armour
 g - a +0 helmet (worn)
 j - a +0 leather armour (worn)
 n - a +0 pair of gloves (worn)
 q - a +2 cloak (worn)
Wands
 l - a wand of acid (13)
Scrolls
 b - a scroll of enchant armour
 i - 2 scrolls of identify {unknown}
 o - 2 scrolls of teleportation {unknown}
 r - a scroll of brand weapon {unknown}
Potions
 c - 4 potions of curing
 d - a potion of magic
 e - a potion of resistance {unknown}
 f - a potion of ambrosia {unknown}
 k - 4 potions of flight {unknown}
 m - a potion of haste {unknown}
 p - 2 potions of heal wounds {unknown}
 s - a potion of attraction {unknown}


   Skills:
 + Level 1.4 Fighting
 - Level 0.6 Short Blades
 - Level 0.3 Maces & Flails
 + Level 2.6 Dodging
 + Level 2.8 Stealth
 + Level 4.1 Spellcasting
 + Level 2.3 Conjurations
 + Level 1.6 Summonings
 + Level 1.6 Translocations


You had 7 spell levels left.
You knew the following spells:

 Your Spells              Type           Power      Damage    Failure   Level
a - Magic Dart            Conj           44%        1d5       9%          1
b - Blink                 Tloc           18%        N/A       17%         2
c - Call Canine Familiar  Summ           9%         N/A       32%         3

Your spell library contained the following spells:

 Spells                   Type           Power      Damage    Failure   Level
 Call Imp                 Summ           9%         N/A       16%         2
 Slow                     Hex            12%        N/A       22%         1
 Conjure Flame            Conj/Fire      7%         6-21      36%         3
 Stone Arrow              Conj/Erth      14%        3d7       36%         3
 Portal Projectile        Hex/Tloc       12%        N/A       41%         3
 Mephitic Cloud           Conj/Pois/Air  6%         N/A       43%         3
 Animate Armour           Summ/Erth      12%        N/A       83%         4
 Leda's Liquefaction      Hex/Erth       1%         N/A       91%         4
 Manifold Assault         Tloc           9%         N/A       97%         5
 Storm Form               Tmut/Air       1%         N/A       100%        7
 Lehudib's Crystal Spear  Conj/Erth      3%         10d3      100%        8


Dungeon Overview and Level Annotations

Branches:
Dungeon (4/15)
 Temple: D:4-7

Altars:
Hepliaklqana
Qazlal
Trog
Yredelemnul

Annotations:
D:1 2 runed translucent doors


Message History

The ball python constricts you.
You closely miss the ball python. The ball python barely misses you.
The ball python constricts you.
You hit the ball python.
You kill the ball python!
A quokka comes into view.
Found a leather armour.
Found 2 silvery potions.
An iguana comes into view.
Found a fuming pink potion.
The iguana hisses angrily.
The quokka bites you but does no damage.
You barely miss the quokka. The quokka barely misses you.
You miss the quokka.
The quokka bites you but does no damage.
You completely miss the quokka. The quokka bites you.
You closely miss the quokka. The quokka misses you. The quokka bites you.
You completely miss the iguana. The iguana bites you!
The quokka closely misses you. The quokka closely misses you.
The iguana attacks as you move away! The iguana bites you.
The quokka attacks as you move away!
The quokka bites you but does no damage.
The quokka bites you. The quokka attacks as you move away!
The quokka closely misses you. The quokka attacks as you move away!
The quokka barely misses you.
You see here 2 silvery potions.
You hit the iguana.
The iguana is poisoned.
You punch the iguana, but do no damage.
The iguana is lightly wounded.
The iguana bites you!
* * * LOW HITPOINT WARNING * * *
You barely miss the iguana.
The iguana is lightly wounded.
The iguana bites you!
* * * LOW HITPOINT WARNING * * *
You hit the iguana.
The iguana looks as sick as possible!
The iguana is lightly wounded.
The iguana bites you.
You die...

...# #.# ... #..##.# .. #.#
..###.#..# ... ##.###
#........# ....####....
###.... ....#......
######....## ...[..##..##
..........##
...........######...........##
.!.........rl@................
..###......#####..........P.P
####..##..####............_.
#...........#.. ....[....P.P
#...###.......#.# #######.....
... #.......#.## ###... ##
#..........####### #...
#..................###..
#.......##.#######...##.


You could see an iguana (extremely poisoned) and a quokka.

Vanquished Creatures
  A howler monkey (D:4)
  Jessica (D:3)
  4 gnolls
  3 adders
  A worm (D:3)
  3 dart slugs
  An orc (D:3)
  7 ball pythons
  4 endoplasms
  12 goblins
  9 hobgoblins
  4 jackals
  A quokka (D:1)
  8 bats
  7 frilled lizards
  5 kobolds
  4 rats
75 creatures vanquished.

Notes
Turn   | Place    | Note
-------+----------+-------------------------------------------
     0 | D:1      | Aapotti the Human Hedge Wizard began the quest for the Orb.
     0 | D:1      | Reached XP level 1. HP: 13/13 MP: 4/4
    88 | D:1      | Reached XP level 2. HP: 16/19 MP: 1/6
   140 | D:1      | Learned a level 2 spell: Blink
   149 | D:1      | Found a large runed translucent door.
   149 | D:1      | Found a large runed translucent door.
   701 | D:1      | Reached XP level 3. HP: 24/24 MP: 0/8
  1178 | D:1      | Found a faded altar of an unknown god.
  1745 | D:2      | Reached XP level 4. HP: 28/30 MP: 3/9
  2988 | D:3      | Reached XP level 5. HP: 36/36 MP: 10/10
  3062 | D:3      | Found a stormy altar of Qazlal.
  3188 | D:3      | Noticed Jessica
  3193 | D:3      | Killed Jessica
  3194 | D:3      | Reached skill level 1 in Fighting
  3194 | D:3      | Reached skill level 4 in Spellcasting
  3741 | D:3      | Found a hazy altar of Hepliaklqana.
  3795 | D:3      | Found a bloodstained altar of Trog.
  3845 | D:3      | Learned a level 3 spell: Call Canine Familiar
  3873 | D:4      | Found a basalt altar of Yredelemnul.
  3901 | D:4      | Reached XP level 6. HP: 39/43 MP: 12/12
  3995 | D:4      | Slain by an iguana

Illustrated notes

Levels and vault maps discovered:
D:1:      erik_arrival_cave_to_civilisation [erik_arrival_cave_to_temple],
          layout_basic, chequers_ecumenical_altar_island, minmay_pentomino_o4
D:2:      layout_loops_ring
D:3:      layout_rooms, lemuel_doored_altar, mainiacjoe_overflow_catwalk,
          marbit_many_paths, st_stairs_3, uniq_jessica
D:4:      layout_rooms, mainiacjoe_overflow_tiny_flanked,
          yredelemnul_altar_generic, serial_shops, shop,
          minmay_hollow_rounded_squares

Skill      XL: |  1  2  3  4  5 |
---------------+----------------+-----
Conjurations   | 2 |  2.3
Fighting       | 1 |  1.4
Spellcasting   | 4 |  4.1
Short Blades   | |  0.6
Maces & Flails | |  0.3
Dodging        | |  2.6
Stealth        | |  2.8
Summonings     | |  1.6
Translocations | |  1.6

Action                   |  1- 3 |  4- 6 || total
-------------------------+-------+-------++-------
Melee: Dagger            |    26 |       ||    26
       Whip              |    28 |   119 ||   147
       Punch             |       |     1 ||     1
 Cast: Magic Dart        |    52 |    47 ||    99
  Use: Potion            |     1 |       ||     1
       Scroll            |       |     1 ||     1
 Stab: Sleeping          |     1 |     1 ||     2
       Distracted        |     1 |       ||     1
Armor: Robe              |     9 |     2 ||    11
       Leather armour    |       |    34 ||    34
Dodge: Dodged            |    32 |    78 ||   110

Table legend: (Time is in decaauts)
 A = Elapsed time spent in this place.
 B = Non-inter-level travel time spent in this place.
 C = Inter-level travel time spent in this place.
 D = Time resting spent in this place.
 E = Time spent auto-exploring this place.
 F = Levels seen in this place.
 G = Mean time per level.
                   A        B        C        D        E       F      G
               +--------+--------+--------+--------+--------+-----+--------+
         Total |   4010 |   3937 |     73 |   1099 |   1819 |   4 | 1002.5 |
       Dungeon |   4010 |   3937 |     73 |   1099 |   1819 |   4 | 1002.5 |
               +--------+--------+--------+--------+--------+-----+--------+

Top non-repeatable levels by time:
     D:1: 1521 daAuts
     D:2: 1459 daAuts
     D:3: 904 daAuts
     D:4: 126 daAuts
